 Dungeon Crawl Stone Soup version 0.30.1-4-g462c640d31 (webtiles) character file.

Game seed: 10994702925895007301

1901 FaviusArthum the Conjurer (level 9, 0/51 HPs)
             Began as a Gargoyle Conjurer on Aug 26, 2023.
             Slain by an ogre
             ... wielding a +0 giant club
              (14 damage)
             ... on level 6 of the Dungeon on Aug 29, 2023.
             The game lasted 01:13:24 (12718 turns).

FaviusArthum the Conjurer (Gargoyle Conjurer)      Turns: 12718, Time: 01:13:27

Health: 0/51       AC: 12    Str: 11    XL:     9   Next: 15%
Magic:  4/15       EV: 10    Int: 23    God:
Gold:   305        SH:  0    Dex:  8    Spells: 6/16 levels left

rFire   . . .        w - +1 trident (venom)
rCold   + + .        (no shield)
rNeg    + . .        H - +0 ring mail {rC+}
rPois   ∞            (no helmet)
rElec   +            (no cloak)
rCorr   .            (no gloves)
SInv    +            (no boots)
Will    .....        (no amulet)
Stlth   +            d - ring of see invisible
HPRegen 0.28/turn    C - ring of protection from cold
MPRegen 0.14/turn

%: no passive effects
@: mighty
A: sickness immunity, AC +6, negative energy resistance 1, electricity
resistance, torment resistance 1, petrification resistance
a: no special abilities


You were on level 6 of the Dungeon.
You visited 1 branch of the dungeon, and saw 8 of its levels.
You also visited: Ossuary.

You collected 305 gold pieces.

Inventory:

Hand Weapons
 e - a +0 trident
 g - a +0 long sword
 h - a +0 long sword
 k - a +2 dagger of draining
 v - a +0 scythe
 w - a +1 trident of venom (weapon)
Missiles
 l - 5 datura-tipped darts
 B - 4 poisoned darts
Armour
 a - a +0 robe
 t - a +0 pair of gloves
 H - a +0 ring mail of cold resistance (worn)
Jewellery
 d - a ring of see invisible (left hand)
 C - a ring of protection from cold (right hand)
Wands
 n - a wand of flame (26)
Scrolls
 m - a scroll of immolation
 p - 3 scrolls of amnesia
 y - a scroll of fog
 A - 3 scrolls of enchant armour
Potions
 b - a potion of resistance {unknown}
 c - a potion of curing
 i - a potion of lignification {unknown}
 j - 2 potions of degeneration
 q - 4 potions of mutation
 r - a potion of attraction {unknown}
 s - a potion of cancellation {unknown}
 u - 2 potions of invisibility
 D - a potion of flight {unknown}


   Skills:
 + Level 3.3 Fighting
 + Level 2.2(2.5) Short Blades
 + Level 1.7(2.3) Long Blades
 * Level 6.3 Armour
 + Level 2.8 Dodging
 + Level 3.5 Stealth
 * Level 4.2 Spellcasting
 * Level 6.6 Conjurations
 * Level 3.8 Hexes
 + Level 0.3 Ice Magic
 + Level 1.2 Evocations


You had 6 spell levels left.
You knew the following spells:

 Your Spells              Type           Power      Damage    Failure   Level
a - Magic Dart            Conj           100%       1d8       1%          1
b - Searing Ray           Conj           70%        2d7       2%          2
c - Fulminant Prism       Conj/Hex       14%        3d9       26%         4
d - Hailstorm             Conj/Ice       20%        3d6       16%         3

Your spell library contained the following spells:

 Spells                   Type           Power      Damage    Failure   Level
 Dazzling Flash           Conj/Hex       56%        N/A       8%          3
 Ensorcelled Hibernation  Hex/Ice        28%        N/A       14%         2
 Freeze                   Ice            24%        1d4       19%         1
 Summon Guardian Golem    Hex/Summ       13%        N/A       30%         3
 Frozen Ramparts          Ice            12%        1d2       50%         3
 Iskenderun's Mystic Bla  Conj/Tloc      20%        2d6       50%         4
 Spider Form              Tmut/Pois      4%         N/A       54%         3
 Anguish                  Hex/Necr       6%         N/A       69%         4
 Orb of Destruction       Conj           17%        9d7       100%        7
 Spellforged Servitor     Conj/Summ      10%        N/A       100%        7
 Chain Lightning          Conj/Air       10%        3d13      100%        9
 Fire Storm               Conj/Fire      10%        8d3       100%        9
 Shatter                  Erth           2%         3d6*      100%        9


Dungeon Overview and Level Annotations

Branches:
Dungeon (8/15)             Temple (0/1) D:6         Ossuary (visited)
   Lair: D:8-11

Altars:
Nemelex Xobeh

Annotations:
D:8 Erica


Innate Abilities, Weirdness & Mutations

You are immune to sickness and miasma.
Your stone body is resilient. (AC +6)
You are immune to poison.
You resist negative energy. (rN+)
You are resistant to electric shocks. (rElec)
You are resistant to unholy torment.
You are immune to petrification.


Message History

The goblin hits you but does no damage.
The bullfrog hits you but does no damage.
You puncture the bullfrog!
The bullfrog is severely wounded.
The bullfrog hits you but does no damage.
The goblin closely misses you. The bullfrog hits you.
* * * LOW HITPOINT WARNING * * *
The ogre barely misses you. The goblin hits you but does no damage.
Casting: Searing Ray (safe; 2% risk of failure)
Confirm with . or Enter, or press ? or * to list all spells.
Casting: Hailstorm (dangerous; 16% risk of failure)
Press: ? - help, Dir - look around, f - activate A cannonade of hail descends around you!
The hail pelts the hobgoblin!
You kill the hobgoblin!
The hail misses the scorpion.
The hail pelts the orc warrior!
The orc warrior is almost dead.
You hear a shout!
The bullfrog misses you. The bullfrog closely misses you.
The goblin hits you but does no damage.
Casting: Hailstorm (dangerous; 16% risk of failure)
Confirm with . or Enter, or press ? or * to list all spells.
Casting: Hailstorm (dangerous; 16% risk of failure)
Press: ? - help, Dir - look around, f - activate A cannonade of hail descends around you!
The hail pelts the orc warrior!
You kill the orc warrior!
The hail pelts the scorpion.
The scorpion is lightly wounded.
The hail pelts the orc wizard!
The orc wizard is heavily wounded.
The bullfrog hits you but does no damage.
The ogre completely misses you. The goblin hits you but does no damage.
It was a potion of might.
You feel very mighty all of a sudden.
The bullfrog hits you but does no damage.
The bullfrog hits you.
* * * LOW HITPOINT WARNING * * *
The ogre hits you with a +0 giant club!
You die... #.# ### .#. .. # .. .. +###.# #.##.# ##.....## ....# ......... os.

..####+
##F# ..#
#.@# ..#
#Og# ..#
#.)# .##
#+##)## .+
#..).# .#
........#
.# ##.
#######.##
.. ...+
#..))..#
..#
#...#..+


You could see an ogre, a bullfrog (very poisoned), a scorpion, an orc wizard and
a goblin.

Vanquished Creatures
  Sigmund (D:2)
  A wyvern (D:5)
  A steam dragon (D:7)
  Eustachio (D:5)
  An orc warrior (D:6)
  An ice beast (D:5)
  2 ogres (D:5)
  A phantom (D:6)
  2 bullfrogs
  A scorpion (D:5)
  2 water moccasin zombies (Ossuary)
  A howler monkey (D:5)
  The ghost of lasso the Firebug, a weakling DEFE (D:3)
  2 hounds
  2 sleepcaps (D:5)
  4 iguanas
  Natasha (thrice) (D:2)
  2 mummies (Ossuary)
  4 adders
  4 gnolls
  A shadow imp (D:7)
  6 adder zombies (Ossuary)
  3 worms
  5 dart slugs
  19 orcs
  6 endoplasms
  4 giant cockroaches
  3 gnoll zombies (Ossuary)
  6 goblins
  11 hobgoblins
  4 jackals (D:3)
  11 kobolds
  5 quokkas
  5 ball pythons
  A bat (D:1)
  5 frilled lizards
  8 hobgoblin zombies (Ossuary)
  5 kobold zombies (Ossuary)
  4 orc zombies (Ossuary)
  4 rats
  2 rat zombies (D:4)
155 creatures vanquished.

Vanquished Creatures (others)
  7 fulminant prisms
7 creatures vanquished.

Grand Total: 162 creatures vanquished

Notes
Turn   | Place    | Note
-------+----------+-------------------------------------------
     0 | D:1      | FaviusArthum the Gargoyle Conjurer began the quest for the
                  | Orb.
     0 | D:1      | Reached XP level 1. HP: 10/10 MP: 3/3
   429 | D:1      | Reached XP level 2. HP: 16/16 MP: 0/5
   433 | D:1      | Learned a level 2 spell: Searing Ray
  1159 | D:1      | Reached XP level 3. HP: 17/20 MP: 4/6
  1841 | D:2      | Noticed Natasha
  1847 | D:2      | Killed Natasha
  1848 | D:2      | Reached skill level 1 in Long Blades
  1848 | D:2      | Reached skill level 1 in Armour
  1957 | D:2      | Noticed Natasha
  2091 | D:2      | Reached skill level 5 in Conjurations
  2096 | D:2      | Reached XP level 4. HP: 22/24 MP: 2/7
  2216 | D:2      | Killed Natasha
  2217 | D:2      | Reached skill level 1 in Fighting
  2256 | D:2      | Learned a level 4 spell: Fulminant Prism
  2616 | D:2      | Found a faded altar of an unknown god.
  2836 | D:2      | Found a sparkling altar of Nemelex Xobeh.
  2921 | D:2      | Noticed Sigmund
  3307 | D:2      | Noticed Natasha
  3314 | D:2      | Killed Natasha
  3315 | D:2      | Reached XP level 5. HP: 26/29 MP: 8/8
  4093 | D:3      | Found a runed translucent door.
  4098 | D:3      | Noticed lasso's ghost (weakling DEFE)
  4114 | D:3      | Killed lasso's ghost
  5021 | D:4      | Found a sand-covered staircase.
  5037 | Ossuary  | Entered an ossuary
  5268 | Ossuary  | Reached XP level 6. HP: 33/34 MP: 8/10
  5644 | Ossuary  | Reached skill level 1 in Short Blades
  5775 | Ossuary  | Reached skill level 1 in Hexes
  6567 | D:4      | Reached XP level 7. HP: 40/40 MP: 9/11
  7724 | D:5      | Entered Level 5 of the Dungeon
  7726 | D:5      | Noticed Eustachio
  8535 | D:4      | HP: 2/40 [iguana (8)]
  9038 | D:5      | Noticed a wyvern
  9114 | D:5      | HP: 2/40 [wyvern (12)]
  9119 | D:5      | Killed a wyvern
  9120 | D:5      | Reached XP level 8. HP: 16/45 MP: 4/12
 10112 | D:5      | Killed Eustachio
 10113 | D:5      | Reached skill level 5 in Armour
 10182 | D:5      | Learned a level 3 spell: Hailstorm
 10204 | D:5      | Reached skill level 1 in Evocations
 11659 | D:2      | Killed Sigmund
 11929 | D:6      | Found a staircase to the Ecumenical Temple.
 12096 | D:7      | HP: 1/46 [steam dragon] (4)]
 12101 | D:7      | HP: 2/46 [steam dragon/ball of steam (19)]
 12137 | D:8      | Noticed Erica
 12144 | D:8      | Noticed a yak
 12165 | D:8      | Noticed a yak
 12165 | D:8      | Noticed a yak
 12166 | D:8      | Noticed a yak
 12167 | D:8      | Noticed a yak
 12167 | D:8      | Noticed a yak
 12312 | D:6      | Reached XP level 9. HP: 51/51 MP: 0/14
 12718 | D:6      | Slain by an ogre

Illustrated notes

Levels and vault maps discovered:
D:1:      dpeg_arrival_short_road, layout_basic, hex_large
D:2:      layout_loops_corners, shapermc_ecumenical_altar_mp_vishouse,
          serial_forest, infiniplex_forest_zigzag_2,
          infiniplex_forest_clump_curved, infiniplex_forest_join,
          infiniplex_forest_clump_C, infiniplex_forest_clump_tiny, basic_altar,
          uniq_natasha, uniq_sigmund
D:3:      layout_rooms, ebering_ghost_reflecting_pool
D:4:      layout_gridville, enter_ossuary_4
D:5:      layout_loops_ring, serial_rivers, chequers_serial_rivers_large_b,
          chequers_serial_rivers_micro_b, chequers_serial_rivers_micro_d,
          chequers_serial_rivers_micro_e, uniq_eustachio
D:6:      corexii_shantytown, layout_basic, minmay_temple_entry_purple_smoke,
          amethyst_killhole, minmay_fractal_squares_gapless_5
D:7:      layout_rooms, nrook_mini_backslash
D:8:      layout_loops_ring, minmay_lair_entry_grove, ebering_ghost_inner_flame,
          uniq_erica

Skill      XL: |  1  2  3  4  5  6  7  8  9 |
---------------+----------------------------+-----
Long Blades    | 1 |  1.7
Armour         | 1 2 3 4 6 |  6.3
Conjurations   | 5 6 |  6.6
Fighting       | 1 2 3 |  3.3
Dodging        | 2 |  2.8
Short Blades   | 1 2 |  2.2
Hexes          | 1 2 3 |  3.8
Stealth        | 3 |  3.5
Spellcasting   | 3 4 |  4.2
Evocations     | 1 |  1.2
Ice Magic      | |  0.3

Action                     |  1- 3 |  4- 6 |  7- 9 || total
---------------------------+-------+-------+-------++-------
  Melee: Long sword        |    48 |    15 |       ||    63
         Dagger            |       |   214 |   133 ||   347
         Punch             |       |     1 |       ||     1
         Trident           |       |       |    16 ||    16
  Throw: Dart              |       |     1 |       ||     1
   Cast: Magic Dart        |    24 |    56 |    41 ||   121
         Searing Ray       |     7 |    29 |    49 ||    85
         Fulminant Prism   |       |     3 |     4 ||     7
         Hailstorm         |       |       |     4 ||     4
  Evoke: Wand              |       |     3 |    15 ||    18
    Use: Scroll            |     4 |     6 |     7 ||    17
         Potion            |       |     1 |    10 ||    11
   Stab: Sleeping          |       |       |     1 ||     1
 Armour: Robe              |    11 |    48 |       ||    59
         Ring mail         |    17 |     6 |   126 ||   149
  Dodge: Dodged            |    34 |   111 |   142 ||   287
